 Dungeon Crawl Stone Soup version 0.17.0-27-g4a3f43e (webtiles) character file.

30844 abbott299 the Cleaver (level 13, -1/104 HPs)
             Began as a Human Fighter on Nov 20, 2015.
             Was a High Priest of Qazlal.
             Slain by a hell hound (5 damage)
             ... led by Azrael
             ... on level 3 of the Orcish Mines on Nov 21, 2015.
             The game lasted 01:18:31 (19053 turns).

abbott299 the Cleaver (Human Fighter)              Turns: 19053, Time: 01:18:31

Health: -1/104     AC: 19    Str: 26    XL:     13   Next: 91%
Magic:  19/19      EV:  7    Int:  9    God:    Qazlal [*****.]
Gold:   1691       SH: 19    Dex: 13    Spells: 0 memorised, 12 levels left

rFire  + . .     SeeInvis +     L - +2 short sword (flame)
rCold  . . .     Clarity  .     v - +0 plate armour
rNeg   . . .     SustAt   .     b - +2 shield {rPois}
rPois  +         Gourm    .     S - +0 helmet
rElec  +         Spirit   .     u - +2 cloak
rCorr  .         Warding  .     y - -3 pair of gloves "Veovif" {rElec Stlth+}
rMut   .         Stasis   .     x - +0 pair of boots
MR     .....                    M - amulet of regeneration
Stlth  ..........               D - ring of see invisible
                                o - ring of poison resistance

@: mighty, protected from fire, repel missiles, not resistant to hostile
enchantments, extremely unstealthy
A: no striking features
a: Upheaval, Elemental Force, Disaster Area, Renounce Religion


You were on level 3 of the Orcish Mines.
You worshipped Qazlal.
Qazlal was extremely pleased with you.
You were not hungry.

You visited 4 branches of the dungeon, and saw 22 of its levels.

You collected 1691 gold pieces.

Inventory:

Hand Weapons
 B - a +2 hand axe of electrocution
 L - a +2 short sword of flaming (weapon)
 N - a +0 war axe of venom
 O - a +3 battleaxe
 T - a +0 scimitar of flaming
Armour
 b - a +2 shield of poison resistance (worn)
 l - a +0 pair of gloves
 s - a +1 scale mail of poison resistance
 t - a +3 leather armour
 u - a +2 cloak (worn)
 v - a +0 plate armour (worn)
 x - a +0 pair of boots (worn)
 y - the -3 pair of gloves "Veovif" (worn) {rElec Stlth+}
   (You found it on level 4 of the Dungeon)

   It insulates you from electricity.
   It makes you more stealthy.
 S - a +0 helmet (worn)
Jewellery
 n - an uncursed ring of stealth
 o - a ring of poison resistance (left hand)
 C - an uncursed amulet of resist mutation
 D - a ring of see invisible (right hand)
 I - an uncursed ring of sustain attributes
 M - an amulet of regeneration (around neck)
Wands
 g - a wand of lightning (7)
 h - a wand of fireball (3)
 k - a wand of fire (8)
 m - a wand of digging (9)
 A - a wand of frost (4)
 Q - a wand of draining (10)
Scrolls
 f - 4 scrolls of teleportation
 i - 2 scrolls of summoning
 p - 2 scrolls of enchant weapon
 q - 4 scrolls of blinking
 H - 3 scrolls of enchant armour
 J - 2 scrolls of recharging
 U - a scroll of magic mapping
 W - 5 scrolls of identify
 X - a scroll of acquirement
Potions
 w - a potion of might
 F - 2 potions of agility
 P - 2 potions of invisibility
Books
 a - a book of the Dragon

   Spells                             Type                      Level
   a - Flame Tongue                   Conjuration/Fire             1
   b - Cause Fear                     Hexes                        4
   c - Bolt of Fire                   Conjuration/Fire             6
   d - Dragon Form                    Transmutation                7
   e - Dragon's Call                  Summoning                    9
Comestibles
 e - 9 bread rations
 j - 6 meat rations
 r - 4 beef jerkies
 E - 15 fruits
 Z - a royal jelly


   Skills:
 + Level 10.5 Fighting
 * Level 14.6 Axes
 + Level 10.9 Armour
 - Level 3.5 Dodging
 + Level 2.0 Stealth
 - Level 3.0 Shields
 + Level 8.8 Invocations


You had 12 spell levels left.
You didn't know any spells.

Dungeon Overview and Level Annotations

Branches:
Dungeon (12/15)            Temple (1/1) D:4            Lair (5/8) D:10
  Snake (0/4) Lair:4          Orc (4/4) D:10            Elf (0/3) Orc:3
  Swamp: Lair:3-6    Shoals: Lair:3-6

Altars:
Ashenzari
Cheibriados
Dithmenos
Elyvilon
Fedhas
Gozag
Kikubaaqudgha
Makhleb
Nemelex Xobeh
Okawaru
Qazlal
Ru
Sif Muna
Trog
Vehumet
Xom
Yredelemnul
Zin
The Shining One

Shops:
Orc:1 (

Annotations:
Orc:4 Azrael


Message History

You block the hell hound's attack.
You closely miss the orc wizard. You block the hell hound's attack.
The orc wizard hits you but does no damage.
You block the orc's attack.
Your shield and plate armour prevent you from hitting the orc wizard.
The hell hound bites you but does no damage.
The orc wizard hits you with a dagger.
* * * LOW HITPOINT WARNING * * *
You block the hell hound's attack.
You closely miss the orc wizard.
The hell hound bites you but does no damage.
You block the orc wizard's attack. The orc closely misses you.
The hell hound bites you.
* * * LOW HITPOINT WARNING * * *
The orc hits you but does no damage.
You are too injured to fight recklessly!
You hit the hell hound.
The hell hound is lightly wounded.
You block the orc wizard's attack. The hell hound bites you.
You die...

##.## #.................## ....#
##.............#...# ...##
##...............#.## ...#
##...............#.### .§##
#............#.##....## ...#
##...............#....## ...#
##.#.§.§§§.........#.#.# ..##
#....§§§h............... .##
####....§@o§.............. ##
#####......§§oo§.............#
.###.##.......§..§§...........###
......#.........................#
..........#..#.......#...........
.........#...........o.......#..#
##.......#...#...#.....o....##.##
##.......................#.......
#.........#...........#.##...#.##


You could see a hell hound, an orc wizard and 2 orcs.

Vanquished Creatures
  A fire dragon (D:10)
  2 hydras
  Erica (D:8)
  An unseen horror (D:11)
  2 black mambas
  A gargoyle (D:10)
  6 spiny frogs
  2 komodo dragons
  A fire drake (Lair:5)
  2 polar bears
  19 blink frogs
  A troll (D:12)
  A slime creature (D:11)
  28 yaks
  3 basilisks
  2 fire elementals (Orc:3)
  2 wargs
  18 wolves
  The ghost of xeno23 the Cudgeler, an amateur GrFi (D:4)
  6 hippogriffs
  A porcupine (Lair:2)
  Duvessa (D:7)
  A hell hound (Orc:3)
  3 phantoms
  13 orc warriors
  A water moccasin (Lair:2)
  A sky beast (D:9)
  4 ice beasts
  2 eyes of draining
  2 black bears
  2 centaurs
  6 ogres
  2 big kobolds
  8 crocodiles
  14 giant frogs
  Dowan (D:7)
  A wyvern skeleton (D:9)
  A water moccasin skeleton (D:11)
  4 scorpions
  7 wights
  9 killer bees
  A crimson imp (D:6)
  16 orc priests
  5 hounds
  9 jellies
  2 quasits
  2 giant frog zombies
  2 giant frog skeletons
  18 orc wizards
  Crazy Yiuf (D:5)
  2 centaur skeletons
  11 iguanas
  Terence (D:3)
  8 worker ants
  21 sheep
  A hound zombie (D:5)
  2 worker ant zombies
  Robin (D:3)
  13 adders
  7 gnolls
  44 river rats
  17 oozes
  An adder zombie (D:8)
  4 worms
  An adder skeleton (D:4)
  5 giant geckos
  117 orcs
  A ball python (D:3)
  5 bats
  5 giant cockroaches
  14 hobgoblins
  8 jackals
  3 quokkas
  A giant gecko skeleton (D:4)
  8 giant newts
  15 goblins
  24 kobolds
  A quokka skeleton (D:5)
  11 rats
  21 fungi
  4 plants
617 creatures vanquished.

Vanquished Creatures (collateral kills)
  An orc sorcerer (Orc:2)
  2 blink frogs (Lair:4)
  2 trolls
  11 yaks (Lair:3)
  A hippogriff (Lair:4)
  An ogre (Orc:2)
  An orc wizard (Orc:1)
  7 orcs
26 creatures vanquished.

Vanquished Creatures (others)
  An orc (Orc:3)
  7 fungi
  3 plants
11 creatures vanquished.

Grand Total: 654 creatures vanquished

Notes
Turn   | Place    | Note
--------------------------------------------------------------
     0 | D:1      | abbott299 the Human Fighter began the quest for the Orb.
     0 | D:1      | Reached XP level 1. HP: 18/18 MP: 1/1
   101 | D:1      | Reached XP level 2. HP: 24/24 MP: 2/2
   344 | D:1      | Reached XP level 3. HP: 27/29 MP: 3/3
   756 | D:2      | Reached XP level 4. HP: 16/36 MP: 4/4
   962 | D:2      | Found an ancient bone altar of Kikubaaqudgha.
  1797 | D:2      | Reached skill level 4 in Axes
  1797 | D:2      | Reached XP level 5. HP: 42/42 MP: 5/5
  1817 | D:3      | You fall through a shaft!
  1836 | D:4      | Found a staircase to the Ecumenical Temple.
  1845 | Temple   | Entered the Ecumenical Temple
  1929 | Temple   | Became a worshipper of Qazlal Stormbringer
  1948 | D:4      | Found a shimmering altar of Xom.
  1981 | D:5      | Entered Level 5 of the Dungeon
  2336 | D:3      | Noticed Robin
  2354 | D:3      | Reached * piety under Qazlal
  2367 | D:3      | Killed Robin
  2620 | D:3      | Reached XP level 6. HP: 46/49 MP: 6/6
  2685 | D:3      | Reached skill level 5 in Axes
  2893 | D:3      | Noticed Terence
  2910 | D:3      | Killed Terence
  3239 | D:4      | Noticed xeno23's ghost (amateur GrFi)
  3335 | D:4      | Noticed an ogre
  3366 | D:4      | Killed an ogre
  3366 | D:4      | Reached XP level 7. HP: 16/55 MP: 7/7
  3976 | D:4      | Reached ** piety under Qazlal
  3993 | D:4      | Reached skill level 5 in Fighting
  4332 | D:4      | Killed xeno23's ghost
  4332 | D:4      | Reached skill level 6 in Axes
  4356 | D:4      | Got a pair of faintly humming gloves
  4367 | D:4      | Identified the -3 pair of gloves "Veovif" {rElec Stlth+} (You found it on level 4 of the Dungeon)
  4467 | D:5      | Noticed Crazy Yiuf
  4477 | D:5      | Killed Crazy Yiuf
  4477 | D:5      | Reached XP level 8. HP: 32/62 MP: 8/8
  4621 | D:5      | Noticed an ice beast
  4633 | D:5      | Killed an ice beast
  4684 | D:5      | Found a sacrificial altar of Ru.
  4972 | D:5      | Noticed an ogre
  4980 | D:5      | Killed an ogre
  4980 | D:5      | Reached skill level 5 in Armour
  5041 | D:5      | Reached skill level 7 in Axes
  5286 | D:6      | Found a shattered altar of Ashenzari.
  5529 | D:6      | Reached XP level 9. HP: 69/69 MP: 9/9
  5744 | D:6      | Reached skill level 8 in Axes
  6471 | D:7      | Got a transparent jade ring
  6557 | D:7      | Identified the ring "Neakkufi" {*Contam Str+4 Int-5 Slay+2 Stlth+} (You took it off a wight on level 7 of the Dungeon)
  6562 | D:7      | Reached skill level 9 in Axes
  6712 | D:7      | Found a deep blue altar of Sif Muna.
  6713 | D:7      | Found an opulent altar of Gozag.
  6798 | D:7      | Noticed Dowan
  6802 | D:7      | Noticed Duvessa
  6806 | D:7      | Killed Duvessa
  6838 | D:7      | Killed Dowan
  7257 | D:9      | Found a blossoming altar of Fedhas.
  7468 | D:8      | Noticed Erica
  7480 | D:8      | Reached XP level 10. HP: 73/79 MP: 10/10
  7495 | D:8      | Killed Erica
  7495 | D:8      | Reached skill level 10 in Axes
  7650 | D:9      | Reached *** piety under Qazlal
  8131 | D:10     | Entered Level 10 of the Dungeon
  8231 | D:9      | Noticed a troll
  8242 | D:9      | Killed a troll
  8758 | D:9      | Identified a scroll of acquirement
  9110 | D:10     | Noticed a gargoyle
  9345 | D:10     | Killed a gargoyle
  9345 | D:10     | Reached skill level 11 in Axes
  9345 | D:10     | Reached XP level 11. HP: 58/86 MP: 3/14
 10096 | D:10     | Noticed a fire dragon
 10116 | D:10     | Killed a fire dragon
 10116 | D:10     | Reached skill level 5 in Invocations
 10378 | D:10     | Found a staircase to the Orcish Mines.
 10526 | D:10     | Found a staircase to the Lair.
 10904 | D:12     | Noticed a five-headed hydra
 11044 | D:11     | Reached skill level 12 in Axes
 11079 | D:12     | HP: 4/89 [ogre/giant club (10)]
 11534 | D:11     | Found a bloodstained altar of Trog.
 11535 | D:11     | Noticed an unseen horror
 11555 | D:11     | Killed an unseen horror
 11593 | D:11     | Reached **** piety under Qazlal
 12041 | Lair:1   | Entered Level 1 of the Lair of Beasts
 12061 | Lair:1   | Reached XP level 12. HP: 87/95 MP: 16/16
 12846 | Lair:1   | Reached ***** piety under Qazlal
 12918 | Lair:1   | Upgraded the game from 0.17.0-26-gececa24 to 0.17.0-27-g4a3f43e
 13010 | Lair:1   | Reached skill level 13 in Axes
 13749 | Lair:2   | Noticed a five-headed hydra
 13760 | Lair:2   | Killed a five-headed hydra
 13760 | Lair:2   | Reached skill level 10 in Fighting
 13987 | Lair:2   | Reached skill level 10 in Armour
 14176 | Lair:3   | Reached skill level 1 in Dodging
 14176 | Lair:3   | Reached XP level 13. HP: 103/103 MP: 18/18
 14466 | Lair:4   | Found a staircase to the Snake Pit.
 14601 | Lair:3   | Noticed a five-headed hydra
 14623 | Lair:3   | Killed a five-headed hydra
 14944 | Lair:3   | Reached skill level 14 in Axes
 14968 | Lair:3   | Found an opulent altar of Gozag.
 16742 | Lair:5   | Reached skill level 1 in Stealth
 16901 | Orc:1    | Entered Level 1 of the Orcish Mines
 17546 | Orc:1    | Found Pexkuen's Antique Weapon Emporium.
 18322 | Orc:3    | Found a staircase to the Elven Halls.
 19009 | Orc:4    | Entered Level 4 of the Orcish Mines
 19009 | Orc:4    | Noticed Azrael
 19048 | Orc:3    | HP: 5/104 [orc priest/nerve-wracking pain (7)]
 19053 | Orc:3    | Slain by a hell hound

Action                   |  1- 3 |  4- 6 |  7- 9 | 10-12 | 13-15 || total
-------------------------+-------+-------+-------+-------+-------++-------
Melee: War axe           |    74 |   224 |   126 |   353 |    28 ||   805
       Hand axe          |       |       |   100 |       |       ||   100
       Battleaxe         |       |       |    71 |   386 |       ||   457
       Short sword       |       |       |       |     5 |   716 ||   721
Invok: Upheaval          |       |       |     1 |     5 |       ||     6
       Elemental Force   |       |       |       |     2 |     7 ||     9
       Disaster Area     |       |       |       |       |     2 ||     2
Evoke: Wand              |       |       |       |       |     2 ||     2
  Use: Potion            |     2 |     2 |     1 |     8 |     5 ||    18
       Scroll            |       |       |     8 |     8 |     3 ||    19
  Eat: Chunk             |       |     8 |     7 |    23 |    19 ||    57
       Bread ration      |       |       |     1 |       |     1 ||     2
       Fruit             |       |       |     3 |       |       ||     3
       Pizza             |       |       |       |       |     1 ||     1
